 Dungeon Crawl Stone Soup version 0.25-a0-479-g8579842 (webtiles) character file.

Game seed: 12401938139883585204, levelgen mode: deterministic

277384 hamms the Executioner (level 19, -19/285 HPs)
             Began as a Minotaur Berserker on Feb 9, 2020.
             Was a High Priest of Trog.
             Demolished by hamms's illusion (illusionary) (25 damage)
             ... woven by Mara
             ... on level 2 of the Vaults on Feb 10, 2020.
             The game lasted 01:56:55 (39045 turns).

hamms the Executioner (Minotaur Berserker)         Turns: 39045, Time: 01:56:56

Health: -19/285    AC: 24    Str: 33    XL:     19   Next: 60%
Magic:  9/9        EV: 21    Int:  8    God:    Trog [*****.]
Gold:   3236       SH: 16    Dex: 22    Spells: 18/18 levels left

rFire    + . .     SeeInvis +   L - +2 broad axe of Pachel {flame, Dex+6}
rCold    + . .     Gourm    .   Y - +4 buckler of Kikubaaqudgha's Envy {rPois rC++ rCorr MP-9}
rNeg     + + .     Faith    .   h - +1 storm dragon scales
rPois    +         Spirit   .   (helmet restricted)
rElec    +         Reflect  +   F - +2 cloak {rPois}
rCorr    +         Harm     .   B - +0 pair of gloves "Sakemept" {rF+ MR- Dex+4}
MR       +++..                  (no boots)
Stlth    ..........             w - +4 amulet of reflection
HPRegen  1.57/turn              E - ring "Enoapiq" {rC- rN++ Int+4 SInv Stlth+}
MPRegen  0.11/turn              p - ring of protection from magic

@: berserking (expiring), regenerating, lightly drained, very quick
A: retaliatory headbutt, horns 2
}: 2/15 runes: serpentine, barnacled
a: Berserk, Trog's Hand, Brothers in Arms, Renounce Religion


You were on level 2 of the Vaults.
You worshipped Trog.
Trog was extremely pleased with you.
You were not hungry.

You visited 6 branches of the dungeon, and saw 33 of its levels.
You also visited: Ossuary, Gauntlet and Volcano.

You collected 3605 gold pieces.
You spent 369 gold pieces at shops.

Inventory:

Hand Weapons
 a - the +11 war axe of the Fool {flame, rN++ Int+5}
   (You bought it in a shop on level 4 of the Dungeon)

   It has been specially enchanted to burn those struck by it, causing extra
   injury to most foes and up to half again as much damage against particularly
   susceptible opponents.
   Big, fiery blades are also staple armaments of hydra-hunters.
   It affects your intelligence (+5).
   It greatly protects you from negative energy.
 o - a +7 executioner's axe of protection
 y - the +6 whip of the Blessed Realm {flame, +Rage}
   (You found it on level 4 of the Shoals)

   It has been specially enchanted to burn those struck by it, causing extra
   injury to most foes and up to half again as much damage against particularly
   susceptible opponents.
   It lets you go berserk.
 L - the +2 broad axe of Pachel (weapon) {flame, Dex+6}
   (Trog gifted it to you in an ossuary)

   It has been specially enchanted to burn those struck by it, causing extra
   injury to most foes and up to half again as much damage against particularly
   susceptible opponents.
   Big, fiery blades are also staple armaments of hydra-hunters.
   It affects your dexterity (+6).
Missiles
 d - 21 javelins (quivered)
 m - 5 throwing nets
Armour
 h - +1 storm dragon scales (worn)
 B - the +0 pair of gloves "Sakemept" (worn) {rF+ MR- Dex+4}
   (You acquired it on level 3 of the Lair of Beasts)

   It affects your dexterity (+4).
   It protects you from fire.
   It affects your resistance to hostile enchantments.
   If you remove this armour, your AC will fall 2 points (24 -> 22)
 F - a +2 cloak of poison resistance (worn)
 K - a +2 plate armour of fire resistance
 Y - the +4 buckler of Kikubaaqudgha's Envy (worn) {rPois rC++ rCorr MP-9}
   (You found it on level 3 of the Lair of Beasts)

   It greatly protects you from cold.
   It protects you from poison.
   It affects your magic capacity (-9).
   It provides partial protection from all sources of acid and corrosion.
   If you remove this armour, your AC will rise 0 points (24 -> 24)
Jewellery
 l - a +4 ring of strength
 p - a ring of protection from magic (right hand)
 w - a +4 amulet of reflection (around neck)
 A - a +6 ring of strength
 E - the ring "Enoapiq" (left hand) {rC- rN++ Int+4 SInv Stlth+}
   (You found it on level 4 of the Shoals)

   [ring of stealth]

   It affects your intelligence (+4).
   It makes you vulnerable to cold.
   It greatly protects you from negative energy.
   It lets you see invisible.
   It makes you more stealthy.
Scrolls
 b - a scroll of summoning {unknown}
 e - 5 scrolls of enchant weapon
 j - 2 scrolls of identify
 k - 2 scrolls of vulnerability {unknown}
 q - 7 scrolls of enchant armour
 r - a scroll of holy word {unknown}
 s - 3 scrolls of immolation
 t - 9 scrolls of remove curse
 C - 14 scrolls of teleportation
 D - a scroll of noise {unknown}
 N - 4 scrolls of magic mapping
 O - 3 scrolls of brand weapon
 Q - 2 scrolls of torment {unknown}
 R - 5 scrolls of blinking {unknown}
 V - 4 scrolls of fog
 X - 7 scrolls of fear {unknown}
Potions
 g - 4 potions of flight
 i - 2 potions of heal wounds
 n - 4 potions of agility
 u - 6 potions of resistance
 v - 6 potions of haste
 x - a potion of berserk rage {unknown}
 z - 9 potions of curing
 G - a potion of invisibility {unknown}
 M - a potion of ambrosia {unknown}
 S - 2 potions of might
Miscellaneous
 f - a phantom mirror
Comestibles
 c - 55 rations


   Skills:
 + Level 21.5(21.4) Fighting
 * Level 25.4(25.2) Axes
 + Level 17.0(16.8) Armour
 + Level 14.3(14.1) Dodging
 - Level 10.6(10.4) Shields


You had 18 spell levels left.
You didn't know any spells.
Your spell library was empty.

Dungeon Overview and Level Annotations

Branches:
Dungeon (15/15)            Temple (0/1) D:4            Lair (6/6) D:10
 Shoals (4/4) Lair:4        Snake (4/4) Lair:3        Slime (0/5) Lair:5
    Orc (2/2) D:9             Elf (0/3) Orc:2        Vaults (2/5) D:14
 Depths (0/5) D:15        Ossuary (visited)         Volcano (visited)
Gauntlet (visited)
  Crypt: Vaults:2-3

Altars:
Ashenzari
Cheibriados
Dithmenos
Elyvilon
Fedhas
Gozag
Hepliaklqana
Makhleb
Nemelex Xobeh
Qazlal
Ru
Trog
Uskayaw
Wu Jian
Xom
Yredelemnul
The Shining One
Beogh

Shops:
D:4 ((?   D:7 *[(=   D:8 *   Orc:2 :([*(   Shoals:3 *   Snake:1 ([(   Snake:3 *

Annotations:
D:14 Roxanne
Lair:6 1 runed translucent door, filfer's ghost, journeyman OgMo
Shoals:3 exclusion: oklob plant
Vaults:2 Mara


Innate Abilities, Weirdness & Mutations

You reflexively headbutt those who attack you in melee.
You have a pair of horns on your head.


Message History

Hamms's illusion is almost dead.
Mara hits you but does no damage. You partially resist.
You feel drained.
You completely miss hamms's illusion. Your headbutt misses hamms's illusion.
Hamms's illusion is almost dead.
You block hamms's illusion's attack.
You closely miss hamms's illusion.
Hamms's illusion is almost dead.
You closely miss hamms's illusion.
Hamms's illusion is almost dead.
Hamms's illusion hits you!!
* * * LOW HITPOINT WARNING * * *
Hamms's illusion burns you.
* * * LOW HITPOINT WARNING * * *
Mara blinks!
You slice hamms's illusion!! You burn hamms's illusion.
Hamms's illusion is almost dead.
You slash hamms's illusion! Your headbutt misses hamms's illusion.
Hamms's illusion is almost dead.
You closely miss the ice dragon. Hamms's illusion hits you!!
You die...

.....# ..... .§.. ...
.J #####R###
####...R.J.# #..####D#
#.. #...)@#)#.....
#### ###.##D@.RR# #..#
#.#.###)§.## ###..###
#.#..###(## #..##..#
#.##..####
##..##.)###......#
..##..##..).##..####
..##..##..#.#..###<##
##..##..###.#.###(..##


You could see 2 Maras, an ice dragon and hamms's illusion.

Vanquished Creatures
  Vashnia (Snake:2)
  Saint Roka (Snake:4)
  The ghost of Ojydott the Hoplite, an adept GrFi of Okawaru (D:13)
  Polyphemus (Shoals:4)
  Frances (Snake:2)
  A kraken (Shoals:1)
  A storm dragon (D:13)
  12 nagarajas
  A deep elf sorcerer (Vaults:1)
  3 vault wardens
  Aizul (Snake:2)
  2 ironheart preservers (Vaults:1)
  3 stone giants
  A minotaur (Gauntlet)
  A deep elf annihilator (Vaults:1)
  3 ettins (Orc:2)
  Snorg (Lair:4)
  2 fire dragons
  A merfolk javelineer (Shoals:4)
  9 merfolk impalers
  A great orb of eyes (Vaults:1)
  Josephine (D:13)
  A vault guard (Vaults:2)
  2 yaktaur captains
  Fannar (D:11)
  8 hydras
  Erica (D:10)
  11 naga warriors
  2 rakshasas
  2 catoblepae
  3 merfolk avatars
  An alligator snapping turtle (Shoals:3)
  6 centaur warriors
  2 merfolk aquamancers (Shoals:4)
  10 anacondas
  2 death yaks (Shoals:4)
  2 ogre magi (Vaults:2)
  A death knight (D:12)
  2 tengu warriors (D:15)
  A queen ant (shapeshifter) (Vaults:1)
  7 two-headed ogres
  The ghost of Zaloum the Blocker, a novice GnFi of Makhleb (D:9)
  2 satyrs
  12 naga sharpshooters
  2 orc high priests (Orc:2)
  2 deep elf knights
  11 shock serpents
  Sonja (Lair:3)
  Urug (D:11)
  10 skeletal warriors
  Nergalle (D:10)
  6 salamander mystics (Snake:4)
  2 unseen horrors
  A shadow wraith (Vaults:2)
  15 sea snakes
  A glowing orange brain (Vaults:1)
  3 wizards
  3 orc knights
  5 lindwurms
  5 naga ritualists
  A deep elf archer (D:15)
  7 ironbrand convokers (Vaults:1)
  6 harpies (Shoals:4)
  4 orc sorcerers
  14 mana vipers
  23 fauns
  A wolf spider (Vaults:2)
  8 deep elf magi
  12 manticores
  10 salamanders
  8 guardian serpents
  3 ugly things
  20 merfolk sirens
  12 cyclopes
  6 elephants
  7 water nymphs
  Maurice (D:11)
  A guardian serpent (shapeshifter) (Vaults:2)
  4 vault sentinels
  Joseph (D:8)
  22 naga magi
  Maggie (D:10)
  37 black mambas
  15 spiny frogs
  3 rime drakes
  10 yaktaurs
  2 freezing wraiths
  9 komodo dragons
  11 trolls
  21 merfolk
  3 meliai (D:15)
  4 wind drakes
  3 hornets
  7 blink frogs (Lair:6)
  9 polar bears (Lair:6)
  A slime creature (shapeshifter) (D:13)
  16 slime creatures
  4 raiju (Lair:6)
  8 dream sheep
  8 hippogriffs
  12 snapping turtles
  4 flying skulls (Gauntlet)
  4 spriggans
  32 yaks
  4 shadows (Gauntlet)
  A yak (shapeshifter) (D:15)
  A tarantella (shapeshifter) (D:13)
  6 water elementals
  10 wraiths
  A hog (shapeshifter) (Vaults:1)
  A wyvern (D:15)
  13 fire bats (Volcano)
  A golden eye (shapeshifter) (Vaults:1)
  3 hungry ghosts
  4 steam dragons (Volcano)
  4 vampire mosquitoes
  2 swamp worms (Lair:1)
  5 acid dragons
  8 wargs
  39 nagas
  2 soldier ants (D:12)
  13 porcupines
  14 hell hounds
  15 water moccasins
  Duvessa (D:4)
  27 orc warriors
  5 ice beasts
  6 sky beasts
  14 black bears
  2 eyes of draining
  A necrophage (D:6)
  3 phantoms
  7 boggarts
  12 ogres
  19 centaurs
  30 wolves
  17 crocodiles
  An elf zombie (Ossuary)
  Blork the orc (D:4)
  4 big kobolds
  A gnoll sergeant (D:6)
  16 bullfrogs
  8 scorpions
  2 wyvern skeletons
  Dowan (D:4)
  2 hornet simulacra
  15 killer bees
  7 wights
  9 howler monkeys
  6 crimson imps
  7 centaur zombies
  2 bullfrog zombies
  A human zombie (Ossuary)
  10 centaur skeletons
  25 orc priests
  6 hounds
  5 jellies
  4 bullfrog skeletons
  3 iguanas
  Ijyb (D:4)
  19 orc wizards
  4 worker ants
  2 bullfrog simulacra (Gauntlet)
  2 centaur simulacra
  3 mummies (Ossuary)
  10 adders
  12 gnolls
  2 shadow imps
  3 adder skeletons
  An adder zombie (D:4)
  3 worms
  2 dart slugs
  4 leopard geckos
  97 orcs
  9 bats
  5 giant cockroaches
  9 goblins
  5 hobgoblins
  25 jackals
  5 quokkas
  4 frilled lizards
  A giant cockroach zombie (D:5)
  4 goblin zombies (Ossuary)
  2 hobgoblin zombies (Ossuary)
  18 kobolds
  5 kobold zombies (Ossuary)
  8 rats
  A rat zombie (D:8)
  7 fungi
  11 plants
  2 tentacles (Shoals:1)
1306 creatures vanquished.

Vanquished Creatures (collateral kills)
  Rupert (D:13)
  Jorgrun (D:13)
  2 nagarajas (Snake:3)
  A black mamba (Snake:3)
  A hog (shapeshifter) (D:13)
  An orc warrior (Snake:4)
  A kobold (D:11)
8 creatures vanquished.

Vanquished Creatures (others)
  A merfolk aquamancer (Shoals:4)
  3 naga sharpshooters
  A cyclops (Orc:2)
  A naga mage (Snake:4)
  A centaur skeleton (D:15)
  4 yaktaurs
  A naga (Snake:3)
  An ogre (D:7)
  4 centaurs
  A big kobold (D:7)
  A bullfrog (D:7)
  A gnoll sergeant (D:7)
  An iguana (D:7)
  A gnoll (D:7)
  An orc (Snake:4)
  A fungus (Lair:1)
  60 plants
  11 tentacles (Shoals:1)
  3 withered plants
98 creatures vanquished.

Grand Total: 1412 creatures vanquished

Notes
Turn   | Place    | Note
-------+----------+-------------------------------------------
     0 | D:1      | hamms the Minotaur Berserker began the quest for the Orb.
     0 | D:1      | Reached XP level 1. HP: 19/19 MP: 0/0
    22 | D:1      | Reached skill level 4 in Axes
   260 | D:1      | Reached XP level 2. HP: 23/27 MP: 1/1
   520 | D:1      | Reached ** piety under Trog
   567 | D:1      | Reached XP level 3. HP: 30/33 MP: 2/2
   683 | D:2      | Found an opulent altar of Gozag.
  1041 | D:2      | Found a stormy altar of Qazlal.
  1103 | D:2      | Reached XP level 4. HP: 40/40 MP: 3/3
  1137 | D:2      | Reached skill level 5 in Axes
  1583 | D:3      | HP: 3/61 [gnoll/cursed -2 spear (5)]
  1584 | D:3      | Reached *** piety under Trog
  1795 | D:3      | Reached XP level 5. HP: 33/47 MP: 4/4
  1918 | D:3      | Found a sparkling altar of Nemelex Xobeh.
  1918 | D:3      | Noticed an ice beast
  1920 | D:3      | Found a transporter.
  1953 | D:3      | Found a transporter.
  2765 | D:3      | Killed an ice beast
  2765 | D:3      | Reached skill level 5 in Fighting
  2765 | D:3      | Reached skill level 6 in Axes
  2765 | D:3      | Reached XP level 6. HP: 56/56 MP: 5/5
  2894 | D:4      | Found a hazy altar of Hepliaklqana.
  3064 | D:4      | Noticed Dowan
  3097 | D:4      | Killed Dowan
  3099 | D:4      | Noticed Duvessa
  3307 | D:4      | Killed Duvessa
  3307 | D:4      | Reached skill level 7 in Axes
  3382 | D:4      | Found Kon Caqet's Weapon Shoppe.
  3422 | D:4      | Found a blossoming altar of Fedhas.
  3457 | D:4      | Found Wozo's Antique Weapon Shoppe.
  3462 | D:4      | Bought a shimmering war axe for 170 gold pieces
  3466 | D:4      | Found a sacrificial altar of Ru.
  3476 | D:4      | Reached XP level 7. HP: 62/62 MP: 6/6
  3519 | D:4      | Found a staircase to the Ecumenical Temple.
  3528 | D:4      | Noticed Blork the orc
  3535 | D:4      | Reached skill level 5 in Armour
  3538 | D:4      | Killed Blork the orc
  3591 | D:4      | Found Xyanyst's Magic Scroll Boutique.
  3680 | D:4      | Identified the +11 war axe of the Fool {flame, rN++ Int+5}
                  | (You bought it in a shop on level 4 of the Dungeon)
  3714 | D:4      | Reached skill level 8 in Axes
  3728 | D:4      | Noticed Ijyb
  3732 | D:4      | Killed Ijyb
  3777 | D:5      | Entered Level 5 of the Dungeon
  3803 | D:5      | Found an ornate altar of the Wu Jian Council.
  4017 | D:5      | Reached skill level 1 in Shields
  4105 | D:5      | Reached XP level 8. HP: 64/71 MP: 7/7
  4143 | D:5      | Reached **** piety under Trog
  4143 | D:5      | Reached skill level 9 in Axes
  4219 | D:5      | Found a snail-covered altar of Cheibriados.
  4494 | D:5      | Identified a scroll of acquirement
  4522 | D:6      | Reached skill level 10 in Axes
  4704 | D:6      | Found a shattered altar of Ashenzari.
  4904 | D:6      | Found a bloodstained altar of Trog.
  4963 | D:6      | Reached XP level 9. HP: 72/82 MP: 8/8
  5121 | D:7      | Found Apsyleh's Assorted Antiques.
  5232 | D:7      | Found Toalague's Antique Armour Emporium.
  5232 | D:7      | Found Ziovva Cao's Antique Weapon Shoppe.
  5265 | D:7      | Reached skill level 11 in Axes
  5279 | D:7      | Reached skill level 5 in Shields
  5318 | D:7      | Found a burning altar of Makhleb.
  5443 | D:7      | Found a shimmering altar of Xom.
  5516 | D:7      | Found Giqa's Jewellery Shoppe.
  5742 | D:7      | Found a shadowy altar of Dithmenos.
  5901 | D:8      | Noticed Joseph
  6149 | D:8      | Killed Joseph
  6149 | D:8      | Reached skill level 10 in Fighting
  6165 | D:8      | Found a sand-covered staircase.
  6173 | Ossuary  | Entered an ossuary
  6203 | Ossuary  | Reached ***** piety under Trog
  6203 | Ossuary  | Received a gift from Trog
  6212 | Ossuary  | Got a crystal broad axe {god gift}
  6224 | Ossuary  | Identified the +2 broad axe of Pachel {flame, Dex+6} (Trog
                  | gifted it to you in an ossuary)
  6327 | Ossuary  | Identified the ring of Kaor {+Fly MP+9 Str-2 Stlth+} (You
                  | acquired it in an ossuary)
  6369 | Ossuary  | Reached skill level 12 in Axes
  6738 | D:8      | Reached XP level 10. HP: 93/94 MP: 9/9
  6910 | D:8      | Found a hide-covered altar of Uskayaw.
  7077 | D:8      | Found Zuifin's General Store.
  7203 | D:7      | Bought a smoking chain mail for 199 gold pieces
  7213 | D:7      | Identified the +4 chain mail "Uhuaf" {rC- rN++ Int+5} (You
                  | bought it in a shop on level 7 of the Dungeon)
  7553 | D:9      | Found a staircase to the Orcish Mines.
  7690 | D:9      | Found a glowing golden altar of the Shining One.
  7973 | D:9      | Found a runed translucent door.
  7973 | D:9      | Identified the +5 spear of the Present {vorpal, Str+3
                  | Dex+7}
  7974 | D:9      | Noticed Zaloum's ghost (novice GnFi)
  8126 | D:9      | Noticed a two-headed ogre
  8133 | D:9      | Killed a two-headed ogre
  8133 | D:9      | Reached skill level 13 in Axes
  8391 | D:10     | Entered Level 10 of the Dungeon
  8461 | D:10     | Noticed a two-headed ogre
  8470 | D:10     | Killed a two-headed ogre
  8598 | D:10     | Found a staircase to the Lair.
  8640 | D:10     | Noticed Erica
  8641 | D:10     | Reached skill level 14 in Axes
  8645 | D:10     | Killed Erica
  8645 | D:10     | Reached XP level 11. HP: 104/106 MP: 10/10
  8649 | D:10     | Noticed Maggie
  8657 | D:10     | Killed Maggie
  8657 | D:10     | Received a gift from Trog
  8793 | D:10     | Found a roughly hewn altar of Beogh.
  8902 | D:10     | Noticed a deep elf mage
  8916 | D:10     | Killed a deep elf mage
  9144 | D:10     | Noticed Nergalle
  9160 | D:10     | Killed Nergalle
  9428 | D:11     | Noticed Urug
  9439 | D:11     | Killed Urug
  9543 | D:11     | Found a white marble altar of Elyvilon.
  9567 | D:11     | Reached skill level 15 in Axes
  9594 | D:11     | Noticed Maurice
  9604 | D:11     | Killed Maurice
  9674 | D:11     | Received a gift from Trog
  9746 | D:11     | Identified the cursed +0 ring mail of Coronation {MR- Str+6
                  | Int+2 SInv}
  9751 | D:11     | Noticed Fannar
  9771 | D:11     | Killed Fannar
 10160 | D:11     | Killed an unseen horror
 10191 | D:11     | You fall into a shaft and drop 3 floors!
 10222 | D:13     | Found a runed translucent gate.
 10223 | D:13     | Noticed Ojydott's ghost (adept GrFi)
 10223 | D:13     | Noticed an 11-headed hydra
 10223 | D:13     | Noticed a ten-headed hydra
 10224 | D:13     | Found a runed translucent gate.
 10224 | D:13     | Found a runed translucent gate.
 10317 | D:13     | Noticed a centaur warrior
 10787 | D:12     | Reached XP level 12. HP: 112/118 MP: 11/11
 10787 | D:12     | Reached skill level 16 in Axes
 10790 | D:12     | Reached skill level 15 in Fighting
 11126 | D:12     | Received a gift from Trog
 11338 | D:12     | Noticed a death knight
 11359 | D:12     | Killed a death knight
 11587 | D:12     | Noticed a two-headed ogre
 11592 | D:12     | Killed a two-headed ogre
 11592 | D:12     | Reached skill level 17 in Axes
 11659 | D:13     | Killed a centaur warrior
 11711 | D:13     | Reached skill level 10 in Armour
 11736 | D:13     | Noticed a centaur warrior
 11740 | D:13     | Killed a centaur warrior
 11972 | D:13     | Found a large runed translucent door.
 11972 | D:13     | Found a large runed translucent door.
 11987 | D:13     | Reached XP level 13. HP: 87/130 MP: 12/12
 12158 | D:13     | Noticed Rupert
 12169 | D:13     | Killed Rupert
 12188 | D:13     | Noticed Jorgrun
 12193 | D:13     | Killed Jorgrun
 12193 | D:13     | Reached skill level 18 in Axes
 12446 | D:13     | Noticed Josephine
 12453 | D:13     | Killed Josephine
 12661 | Lair:1   | Entered Level 1 of the Lair of Beasts
 12664 | Lair:1   | Found a gate leading to a gauntlet.
 12671 | Gauntlet | Entered a Gauntlet
 12671 | Gauntlet | Found a transporter.
 12671 | Gauntlet | Found a transporter.
 12683 | Gauntlet | Found a transporter.
 12687 | Gauntlet | Found a transporter.
 12693 | Gauntlet | Found a runed translucent gate.
 12693 | Gauntlet | Found a runed translucent gate.
 12693 | Gauntlet | Found a runed translucent gate.
 12695 | Gauntlet | Found a transporter.
 12699 | Gauntlet | Found a transporter.
 12712 | Gauntlet | Found a transporter.
 12721 | Gauntlet | Found a runed translucent door.
 12723 | Gauntlet | Found a transporter.
 12725 | Gauntlet | Found a runed translucent door.
 12751 | Gauntlet | Found a transporter.
 12755 | Gauntlet | Found a transporter.
 12763 | Gauntlet | Found a transporter.
 12767 | Gauntlet | Found a transporter.
 12896 | Gauntlet | Received a gift from Trog
 12942 | Gauntlet | Noticed a minotaur
 12955 | Gauntlet | Killed a minotaur
 13831 | Lair:1   | You fall into a shaft and drop 1 floor!
 14015 | Lair:2   | Reached skill level 5 in Dodging
 14108 | Lair:2   | Reached skill level 10 in Shields
 14195 | Lair:2   | You fall into a shaft and drop 2 floors!
 14205 | Lair:4   | Received a gift from Trog
 14252 | Lair:4   | Noticed Snorg
 14259 | Lair:4   | Killed Snorg
 14259 | Lair:4   | Reached skill level 19 in Axes
 14340 | Lair:3   | Found a staircase to the Snake Pit.
 14353 | Lair:3   | Reached XP level 14. HP: 122/140 MP: 11/13
 14362 | Lair:3   | Identified the +0 pair of gloves "Sakemept" {rF+ MR- Dex+4}
                  | (You acquired it on level 3 of the Lair of Beasts)
 14460 | Lair:3   | Noticed Sonja
 14468 | Lair:3   | Killed Sonja
 14729 | Lair:3   | Found a dark tunnel.
 14741 | Volcano  | Entered a volcano
 14997 | Lair:3   | Got a scorched buckler
 15008 | Lair:3   | Identified the +4 buckler of Kikubaaqudgha's Envy {rPois
                  | rC++ rCorr MP-9} (You found it on level 3 of the Lair of
                  | Beasts)
 15619 | Lair:4   | Found a staircase to the Shoals.
 15891 | Lair:4   | Received a gift from Trog
 16293 | Lair:5   | Found a staircase to the Slime Pits.
 17160 | Lair:6   | Entered Level 6 of the Lair of Beasts
 17664 | Lair:6   | Reached skill level 20 in Axes
 17696 | Lair:6   | Received a gift from Trog
 17745 | Lair:6   | Found a runed translucent door.
 17747 | Lair:6   | Noticed filfer's ghost (journeyman OgMo)
 18634 | Lair:1   | Received a gift from Trog
 18638 | Lair:1   | Reached XP level 15. HP: 149/150 MP: 5/14
 19079 | D:13     | Killed Ojydott's ghost
 19238 | D:13     | Found an opulent altar of Gozag.
 19238 | D:13     | Noticed a storm dragon
 19249 | D:13     | Killed a storm dragon
 19306 | D:13     | Found a basalt altar of Yredelemnul.
 19482 | D:14     | Identified Roxanne's Almanac of Stones
 19482 | D:14     | Noticed Roxanne
 19560 | D:14     | Found a gate to the Vaults.
 20298 | D:15     | Entered Level 15 of the Dungeon
 20379 | D:15     | Received a gift from Trog
 20522 | D:15     | Reached skill level 21 in Axes
 20942 | D:15     | Found a staircase to the Depths.
 21633 | Orc:1    | Entered Level 1 of the Orcish Mines
 21648 | Orc:1    | Received a gift from Trog
 21816 | Orc:2    | Entered Level 2 of the Orcish Mines
 21845 | Orc:2    | Found Xeanyo Arrex's Antique Weapon Shop.
 22063 | Orc:2    | Found Edept's General Store.
 22265 | Orc:2    | Found Zuwkoul's Book Boutique.
 22591 | Orc:2    | Found Wudos's Antique Armour Shop.
 22606 | Orc:2    | Found a staircase to the Elven Halls.
 22647 | Orc:2    | Found Pekaunk's Antique Weapon Emporium.
 22682 | Orc:2    | Found a roughly hewn altar of Beogh.
 22760 | Orc:2    | Reached XP level 16. HP: 155/160 MP: 6/15
 22890 | Orc:2    | Received a gift from Trog
 23414 | Orc:2    | Found a roughly hewn altar of Beogh.
 23675 | D:9      | Killed Zaloum's ghost
 23675 | D:9      | Reached skill level 10 in Dodging
 23886 | Snake:1  | Entered Level 1 of the Snake Pit
 23916 | Snake:1  | Found Juetsiyx's Weapon Shoppe.
 23920 | Snake:1  | Found Hiunacin's Antique Armour Emporium.
 23921 | Snake:1  | Found Gimuut's Weapon Shoppe.
 24016 | Snake:1  | Received a gift from Trog
 25319 | Snake:2  | Noticed Vashnia
 25326 | Snake:2  | Reached skill level 22 in Axes
 25360 | Snake:2  | HP: 7/160 [naga warrior/+0 scimitar (3)]
 25361 | Snake:2  | Noticed Aizul
 25368 | Snake:2  | Killed Aizul
 26807 | Snake:2  | Killed Vashnia
 27449 | Snake:2  | Received a gift from Trog
 27461 | Snake:2  | Noticed Frances
 27505 | Snake:2  | Killed Frances
 28549 | Snake:3  | Found Zenuhir's General Store.
 28695 | Snake:3  | Reached XP level 17. HP: 95/170 MP: 7/16
 28971 | Snake:3  | Found a sacrificial altar of Ru.
 29383 | Snake:4  | Entered Level 4 of the Snake Pit
 29387 | Snake:4  | Received a gift from Trog
 29496 | Snake:4  | Reached skill level 23 in Axes
 29511 | Snake:4  | Noticed Saint Roka
 29751 | Snake:4  | Killed Saint Roka
 30304 | Snake:4  | Identified the cursed +3 short sword of Zoust {vamp, rElec
                  | rF- MR++ Int+4}
 30691 | Snake:4  | Found a shimmering altar of Xom.
 30728 | Snake:4  | Reached skill level 15 in Armour
 31060 | Snake:4  | Received a gift from Trog
 31887 | Snake:4  | Received a gift from Trog
 31921 | Snake:4  | Reached XP level 18. HP: 134/180 MP: 8/17
 32405 | Snake:4  | Got a serpentine rune of Zot
 32703 | Shoals:1 | Entered Level 1 of the Shoals
 32797 | Shoals:1 | Reached skill level 24 in Axes
 33162 | Shoals:1 | Received a gift from Trog
 34715 | Shoals:3 | Found Gigu's General Store.
 35213 | Shoals:3 | Received a gift from Trog
 35228 | Shoals:3 | Got a bloodstained broad axe {god gift}
 35231 | Shoals:3 | Identified the +3 broad axe of the Vulture {vorpal, *Slow
                  | rPois Dex+3 Stlth+} (Trog gifted it to you on level 3 of
                  | the Shoals)
 35443 | Shoals:4 | Entered Level 4 of the Shoals
 35443 | Shoals:4 | Noticed Polyphemus
 35459 | Shoals:4 | Killed Polyphemus
 36139 | Shoals:4 | Got a barnacled rune of Zot
 36284 | Shoals:4 | Got a smoking whip
 36287 | Shoals:4 | Identified the +6 whip of the Blessed Realm {flame, +Rage}
                  | (You found it on level 4 of the Shoals)
 36860 | Shoals:4 | Received a gift from Trog
 36900 | Shoals:4 | Reached XP level 19. HP: 147/189 MP: 9/18
 37197 | Shoals:4 | Got a slimy bone ring
 37249 | Shoals:4 | Identified the ring "Enoapiq" {rC- rN++ Int+4 SInv Stlth+}
                  | (You found it on level 4 of the Shoals)
 37448 | Vaults:1 | Entered Level 1 of the Vaults
 37500 | Vaults:1 | Reached skill level 25 in Axes
 37769 | Vaults:1 | Received a gift from Trog
 38985 | Vaults:2 | Noticed Mara
 39010 | Vaults:2 | Noticed hamms's illusion
 39043 | Vaults:2 | HP: 6/285 [hamms's illusion (illusionary)[Mara] (20)]
 39045 | Vaults:2 | Demolished by hamms's illusion (illusionary)

Levels and vault maps discovered:
D:1:      mrwooster_arrival_statue_2, layout_rooms
D:2:      layout_loops_ring, nicolae_qazlal_general_emergency,
          lemuel_crystal_altar
D:3:      layout_loops_ring, gammafunk_temple_overflow_arena, first_ration,
          gup_sewer_entry_spiral
D:4:      layout_gridville, old_standard_altar, fedhas_altar_4,
          lemuel_crystal_altar, minmay_temple_entry_waves, serial_shops, shop,
          nicolae_shop_statue_plus, nicolae_shop_statue_plus, uniq_duvessa,
          uniq_blork_the_orc, uniq_ijyb
D:5:      layout_cave_pods, kennysheep_slug_shrine, kennysheep_mini
D:6:      layout_loops_ring, evilmike_ruin_ashenzari, trog_book
D:7:      layout_loops_ring, bloody_makhleb, marbit_many_paths, serial_shops,
          shop, shop_fountains, nicolae_shop_stone, shop, the_bakery,
          chequers_arboretum, xom_confusion_cloud
D:8:      layout_layer_cave, kennysheep_mini_moat, enter_ossuary_3,
          serial_shops, shop, uniq_joseph
D:9:      layout_loops_ring, tso_oasis_becter, orc_0_dummy,
          ebering_ghost_funeral_grove
D:10:     layout_gridville, grunt_lair_entry_orc_guard_hut, special_room
          [special_room_orc], uniq_nergalle, uniq_erica, uniq_maggie
D:11:     layout_long_grid, basic_altar, uniq_fannar, uniq_urug, uniq_maurice
D:12:     layout_roguey, drop_trap
D:13:     layout_basic, gammafunk_ghost_hydra_chop, jmf_multi_god_temple2,
          uniq_rupert, uniq_jorgrun, uniq_josephine
D:14:     layout_roguey, hangedman_vaults_entry_quadrant_bands,
          portal_ice_cave_rime, minivault_26, minmay_starry_boxes, uniq_roxanne
D:15:     grunt_enter_depths_snipers, layout_loops_ring,
          chequers_serial_rivers_small_a
Lair:1:   beast_lair_carwin_large_4, layout_regular_city,
          gauntlet_entry_generic, worms_lemuel, lemuel_fruit_fields
Lair:2:   layout_gridlike, beast_lair_carwin_6, serial_bayou_shore_a,
          grunt_megastairs_3, serial_bayou_shore_b, lemuel_fruit_fields
Lair:3:   layout_roguey, guppyfry_snake_entry_island,
          nicolae_volcano_entry_lava_flow, grunt_forest_small_clearings,
          uniq_sonja
Lair:4:   layout_misc_corridors, elwin_shoals_entry_stream,
          infiniplex_staircase_pool, uniq_snorg
Lair:5:   layout_layer_cave, minmay_slime_entry_pillars, guppyfry_lair_drakes
Lair:6:   hangedman_lair_caniforms_friends, layout_gridlike,
          gammafunk_ghost_grave, serial_bayou_pond_a,
          chequers_serial_rivers_micro_d
Shoals:1: layout_shoals
Shoals:2: layout_shoals, nicolae_shoals_loop_pool
Shoals:3: layout_shoals, serial_shops, shop, nicolae_shoals_this_corrosion
Shoals:4: shoals_end_simple, layout_shoals, uniq_polyphemus
Snake:1:  layout_layer_cave, minmay_shop_star, lemuel_fruit_tree
Snake:2:  layout_chambers, grunt_megastairs_2, uniq_vashnia, uniq_aizul,
          uniq_frances
Snake:3:  nicolae_aizul_guard, layout_misc_corridors, serial_shops, shop,
          basic_altar
Snake:4:  snake_pit_salamanders_mu, layout_basic, basic_altar,
          serial_bayou_lagoon_a, uniq_saint_roka
Orc:1:    layout_diamond_mine
Orc:2:    grunt_orc_gardens, layout_caves, grunt_orc_garden, grunt_orc_garden,
          grunt_orc_garden, grunt_orc_garden, basic_altar, serial_shops, shop,
          minmay_orc_temple_c
Vaults:1: v_pattern_1, nicolae_vaults_back_hallway, v_misc_3,
          ontoclasm_vaults_chip, nicolae_vaults_sealed_display,
          nicolae_vaults_shelves_hall, nicolae_vaults_ring_of_whatevers,
          layout_vaults_omnigrid
Vaults:2: advil_vaults_ghost_lines, v_pattern_2, hangedman_vaults_nails,
          vaults_room_grunt_arrival_checkpoint,
          nicolae_vaults_twisting_passages, nicolae_vaults_display_case,
          grunt_vaults_focal, vaults_mumra_minichess_inversion,
          hangedman_vaults_trim, ontoclasm_vaults_bender, layout_vaults_omnibox,
          uniq_mara, uniq_boris, uniq_margery

Skill      XL: |  1  2  3  4  5  6  7  8  9 10 11 12 13 14 15 16 17 18 19 |
---------------+----------------------------------------------------------+-----
Axes           | 4 5 6 7 8 10 12 14 15 17 19 20 21 22 23 24 25 | 25.4
Fighting       | 4 5 6 8 10 12 14 16 17 18 19 20 21 | 21.5
Armour         | 3 4 5 8 10 11 13 14 15 16 17 | 17.0
Shields        | 1 4 6 8 10 | 10.6
Dodging        | 5 7 9 11 12 13 14 | 14.3

Action                   |  1- 3 |  4- 6 |  7- 9 | 10-12 | 13-15 | 16-18 | 19-21 || total
-------------------------+-------+-------+-------+-------+-------+-------+-------++-------
Melee: Hand axe          |    94 |   109 |    12 |       |       |       |       ||   215
       Headbutt          |    12 |    16 |    30 |    87 |   316 |   425 |   114 ||  1000
       War axe           |       |       |   181 |   411 |   162 |       |       ||   754
       Broad axe         |       |       |       |       |   773 |  1242 |   321 ||  2336
Throw: Javelin           |       |       |       |     4 |       |     5 |     1 ||    10
Invok: Berserk           |       |     4 |       |     1 |     3 |     1 |     1 ||    10
       Trog's Hand       |       |     2 |       |     1 |     1 |     2 |     1 ||     7
       Brothers in Arms  |       |       |       |     1 |     2 |     2 |       ||     5
Evoke: Wand              |       |       |       |       |       |     1 |       ||     1
  Use: Scroll            |       |     9 |    13 |     5 |     9 |    11 |       ||    47
       Potion            |       |     1 |       |       |       |     7 |       ||     8
 Stab: Distracted        |       |       |       |       |     2 |       |       ||     2
  Eat: Chunk             |       |    16 |     7 |    22 |    25 |    22 |     6 ||    98
       Ration            |       |     1 |       |       |     4 |     8 |     1 ||    14
Armor: Animal skin       |     5 |       |       |       |       |       |       ||     5
       Leather armour    |     9 |       |       |       |       |       |       ||     9
       Ring mail         |       |    36 |    51 |     1 |       |       |       ||    88
       Plate armour      |       |       |       |   107 |   232 |    51 |       ||   390
       Storm dragon scal |       |       |       |       |       |   252 |    43 ||   295
Dodge: Dodged            |    66 |    57 |    59 |    62 |   250 |   520 |   104 ||  1118
Block: Shield            |       |       |    38 |   216 |   193 |       |       ||   447
       Reflection        |       |       |       |    22 |    47 |   119 |    12 ||   200
       Buckler           |       |       |       |       |   387 |   793 |   143 ||  1323

Table legend:
 A = Non-vault XP
 B = Vault XP
 C = Vault XP percentage of total XP
 D = Non-vault monster count
 E = Vault monster count
 F = Vault count percentage of total count
                 A         B        C        D         E       F
            +---------+---------+-------+---------+---------+-------
      Total |  250821 |  185140 |  42.5 |     876 |     433 |  33.1
            +---------+---------+-------+---------+---------+-------
        D:1 |      42 |       0 |   0.0 |      23 |       0 |   0.0
        D:2 |      70 |       0 |   0.0 |      24 |       0 |   0.0
        D:3 |     139 |     163 |  54.0 |      31 |       8 |  20.5
        D:4 |     368 |     337 |  47.8 |       7 |       4 |  36.4
        D:5 |     965 |       4 |   0.4 |      26 |       1 |   3.7
        D:6 |     774 |       0 |   0.0 |      15 |       0 |   0.0
        D:7 |     400 |     351 |  46.7 |      18 |       3 |  14.3
        D:8 |    1370 |     431 |  23.9 |      22 |       2 |   8.3
        D:9 |    2094 |    1667 |  44.3 |      26 |       5 |  16.1
       D:10 |    3499 |    3172 |  47.5 |      25 |      23 |  47.9
       D:11 |    3625 |    2034 |  35.9 |      37 |       3 |   7.5
       D:12 |    9462 |       0 |   0.0 |      45 |       0 |   0.0
       D:13 |    8845 |   14313 |  61.8 |      37 |      17 |  31.5
       D:14 |    6089 |    6982 |  53.4 |      26 |      24 |  48.0
       D:15 |   16122 |    2318 |  12.6 |      46 |       3 |   6.1
     Lair:1 |    4212 |    2170 |  34.0 |      16 |      18 |  52.9
     Lair:2 |    6376 |    1257 |  16.5 |      28 |       8 |  22.2
     Lair:3 |    3711 |    1097 |  22.8 |      16 |       5 |  23.8
     Lair:4 |    2901 |    2760 |  48.8 |      12 |       5 |  29.4
     Lair:5 |    3292 |    1356 |  29.2 |      15 |       7 |  31.8
     Lair:6 |    9622 |   10566 |  52.3 |      33 |      56 |  62.9
   Shoals:1 |   17639 |       0 |   0.0 |      35 |       0 |   0.0
   Shoals:2 |    9934 |       0 |   0.0 |      19 |       0 |   0.0
   Shoals:3 |   14276 |     490 |   3.3 |      26 |       1 |   3.7
   Shoals:4 |   15100 |   23938 |  61.3 |      30 |      38 |  55.9
    Snake:1 |   14355 |       0 |   0.0 |      28 |       0 |   0.0
    Snake:2 |   21703 |   13930 |  39.1 |      42 |       8 |  16.0
    Snake:3 |    9351 |   10425 |  52.7 |      23 |       8 |  25.8
    Snake:4 |   18931 |   52991 |  73.7 |      31 |      76 |  71.0
      Orc:1 |    2418 |       0 |   0.0 |      36 |       0 |   0.0
      Orc:2 |    2415 |   11587 |  82.8 |      19 |      40 |  67.8
   Vaults:1 |   29859 |    4093 |  12.1 |      46 |       9 |  16.4
   Vaults:2 |   10862 |    7977 |  42.3 |      13 |      11 |  45.8
    Ossuary |       0 |     411 | 100.0 |       0 |      17 | 100.0
    Volcano |       0 |    5187 | 100.0 |       0 |      20 | 100.0
   Gauntlet |       0 |    3133 | 100.0 |       0 |      13 | 100.0
            +---------+---------+-------+---------+---------+-------
